 Dungeon Crawl Stone Soup version 0.22.1-1-ga44c0e5 (webtiles) character file.

95 Fang the Skirmisher (level 4, -3/29 HPs)
             Began as a Gargoyle Berserker on Nov 1, 2018.
             Was a Believer of Trog.
             Slain by a gnoll
             ... wielding a +0 spear
              (6 damage)
             ... on level 2 of the Dungeon.
             The game lasted 00:01:13 (1598 turns).

Fang the Skirmisher (Gargoyle Berserker)            Turns: 1598, Time: 00:01:14

Health: -3/29      AC:  9    Str: 22    XL:     4   Next: 66%
Magic:  4/4        EV: 11    Int:  7    God:    Trog [**....]
Gold:   75         SH:  0    Dex:  9    Spells: 3/3 levels left

rFire    . . .     SeeInvis .   a - +0 hand axe
rCold    . . .     Gourm    .   (no shield)
rNeg     + . .     Faith    .   h - +0 ring mail
rPois    ∞         Spirit   .   (no helmet)
rElec    +         Reflect  .   (no cloak)
rCorr    .         Harm     .   (no gloves)
MR       .....                  (no boots)
Stlth    ..........             o - amulet of rage
HPRegen  0.09/turn              (no ring)
MPRegen  0.09/turn              (no ring)

@: berserk cooldown, slowed, very slow
A: negative energy resistance 1, electricity resistance, unbreathing,
petrification resistance, rot immunity, AC +3
a: Berserk, Trog's Hand, Renounce Religion, Evoke Berserk Rage


You were on level 2 of the Dungeon.
You worshipped Trog.
Trog was pleased with you.
You were very hungry.

You visited 1 branch of the dungeon, and saw 2 of its levels.

You collected 75 gold pieces.

Inventory:

Hand Weapons
 a - a +0 hand axe (weapon)
Armour
 h - a +0 ring mail (worn)
Jewellery
 o - an amulet of rage (around neck)
Scrolls
 b - a scroll of enchant weapon {unknown}
 d - 2 scrolls of remove curse {unknown}
 f - 2 scrolls of magic mapping {unknown}
 g - a scroll of fog {unknown}
 j - a scroll of blinking {unknown}
 k - a scroll of enchant armour {unknown}
 l - 2 scrolls of identify {unknown}
 m - a scroll of fear {unknown}
 n - a scroll of amnesia {unknown}
Potions
 e - 3 potions of heal wounds {unknown}
 i - a potion of invisibility {unknown}
 p - a potion of degeneration {unknown}
 r - a potion of lignification {unknown}
Comestibles
 c - 3 rations


   Skills:
 + Level 3.8 Fighting
 + Level 3.7 Axes
 + Level 2.6 Armour
 + Level 2.4 Dodging


You had 3 spell levels left.
You didn't know any spells.
Your spell library was empty.

Dungeon Overview and Level Annotations

Branches:
Dungeon (2/15)

Altars:


Innate Abilities, Weirdness & Mutations

You are resistant to torment.
Your stone body is resilient. (AC +3)
You are immune to poison.
You resist negative energy. (rN+)
You are resistant to electric shocks. (rElec)
You can survive without breathing.
You are immune to petrification.
You are immune to rotting.


Message History

Unknown command.
You completely miss the adder.
The adder is almost dead.
The adder bites you but does no damage. The gnoll closely misses you.
The adder misses you. The gnoll hits you but does no damage.
Unknown command.
You slash the adder!
You kill the adder!
Trog accepts your kill. The gnoll hits you but does no damage.
The gnoll closely misses you.
Unknown command.
The gnoll hits you but does no damage.
Found a scroll labeled NEUFEF KEJO and a club.
Things that are here:
a halberd; an adder corpse x2
Unknown command.
You hit the gnoll.
The gnoll is moderately wounded.
The gnoll misses you. The gnoll hits you with a spear.
You die...

#............#
#.<........#....
#.#####.###.# .# #
#.# #.# .# # #.#
#.###.# ?. ####.#
#.....# .# .....#
##.##### .# #####
#...#####.####.#
...
#.#....)@g.....#
###
.......#####..###.#
# ...##### ..# #
##.. ..# # #. ..#
#. ..# .). ..#


You could see a gnoll.

Vanquished Creatures
  4 adders (D:2)
  2 gnolls (D:2)
  An ooze (D:2)
  2 dart slugs (D:1)
  2 leopard geckos
  2 ball pythons
  A bat (D:1)
  2 giant cockroaches (D:1)
  4 goblins
  3 hobgoblins
  3 kobolds (D:1)
  4 frilled lizards (D:1)
  4 rats (D:1)
34 creatures vanquished.

Vanquished Creatures (others)
  A hobgoblin (D:2)
1 creature vanquished.

Grand Total: 35 creatures vanquished

Notes
Turn   | Place    | Note
-------+----------+-------------------------------------------
     0 | D:1      | Fang the Gargoyle Berserker began the quest for the Orb.
     0 | D:1      | Reached XP level 1. HP: 14/14 MP: 1/1
   455 | D:1      | Reached XP level 2. HP: 10/19 MP: 2/2
   779 | D:1      | Reached XP level 3. HP: 19/23 MP: 3/3
   787 | D:1      | Reached ** piety under Trog
  1575 | D:2      | Reached XP level 4. HP: 18/29 MP: 4/4
  1598 | D:2      | Slain by a gnoll

Skill      XL: |  1  2  3 |
---------------+----------+-----
Axes           | 3 |  3.7
Dodging        | 2 |  2.4
Fighting       | |  3.8
Armour         | |  2.6

Action                   |  1- 3 |  4- 6 || total
-------------------------+-------+-------++-------
Melee: Hand axe          |   143 |    20 ||   163
Invok: Berserk           |     1 |     1 ||     2
  Eat: Chunk             |     3 |       ||     3
Armor: Animal skin       |     7 |       ||     7
       Ring mail         |    62 |    15 ||    77
Dodge: Dodged            |   107 |    27 ||   134
